 Dungeon Crawl Stone Soup version 0.30-a0-121-gb27577e5d9 (webtiles) character file.

Game seed: 7957650499677484409

7 IdlyInterested the Poker (level 1, -2/14 HPs)
             Began as a Demonspawn Wanderer on Sept 14, 2022.
             Slain by Natasha (9 damage)
             ... on level 2 of the Dungeon.
             The game lasted 00:02:55 (1251 turns).

IdlyInterested the Poker (Demonspawn Wanderer)      Turns: 1251, Time: 00:02:56

Health: -2/14      AC:  3    Str: 10    XL:     1   Next: 91%
Magic:  1/2        EV: 10    Int: 14    God:
Gold:   105        SH:  4    Dex: 13    Spells: 1/2 levels left

rFire   + . .      SeeInvis .    a - +2 spear
rCold   . . .      Faith    .    b - +0 buckler
rNeg    . . .      Spirit   .    g - +0 leather armour
rPois   .          Reflect  .    (helmet currently unavailable)
rElec   .          Harm     .    (no cloak)
rCorr   .          Rampage  .    (no gloves)
Will    .....                    (boots currently unavailable)
Stlth   +.........               (no amulet)
HPRegen 0.04/turn                k - ring of protection from fire
MPRegen 0.08/turn                (no ring)

@: appendages, slowed, very slow
A: horns 2, talons 2
a: End Transformation


You were on level 2 of the Dungeon.
You had temporarily grown beastly horns and talons.
You visited 1 branch of the dungeon, and saw 2 of its levels.

You collected 105 gold pieces.

Inventory:

Hand Weapons
 a - a +2 spear (weapon)
 f - a +0 hand axe
Missiles
 m - 5 javelins
 p - 4 poisoned darts
Armour
 b - a +0 buckler (worn)
 d - a +0 robe
 g - a +0 leather armour (worn)
 j - a +0 pair of boots
Jewellery
 k - a ring of protection from fire (left hand)
Scrolls
 h - a scroll of enchant armour {unknown}
 n - a scroll of amnesia
Potions
 c - a potion of heal wounds
 e - a potion of invisibility {unknown}
 i - a potion of flight
 l - a potion of haste


   Skills:
 * Level 0.7 Fighting
 + Level 3.6 Polearms
 - Level 1.0 Armour
 - Level 1.0 Dodging
 + Level 0.3 Stealth
 - Level 1.7 Shields
 - Level 1.0 Spellcasting
 * Level 1.3 Transmutations


You had one spell level left.
You knew the following spells:

 Your Spells              Type           Power      Damage    Failure   Level
a - Beastly Appendage     Tmut           8%         N/A       28%         1

Your spell library contained the following spells:

 Spells                   Type           Power      Damage    Failure   Level
 Ignite Poison            Fire/Tmut/Pois 1%         N/A       75%         3


Dungeon Overview and Level Annotations

Branches:
Dungeon (2/15)

Altars:

Annotations:
D:2 Natasha


Innate Abilities, Weirdness & Mutations

You have temporarily grown beastly horns and talons.


Message History

You hit the frilled lizard.
You kill the frilled lizard!
You see here a frilled lizard corpse.
h - a scroll labelled XIZXIR CIAMOOL
Casting: Beastly Appendage (safe; 28% risk of failure)
Confirm with . or Enter, or press ? or * to list all spells.
Okay, then.
A ball python comes into view.
Reach: a) +2 spear
Press: ? - help, Dir - move target, f - ball python
Aim: a ball python (about 40% to evade your +2 spear)
You reach to attack!
You closely miss the ball python. The ball python bites you.
The ball python grabs you. The ball python constricts you.
You hit the ball python.
The ball python is heavily wounded.
The ball python barely misses you. The ball python constricts you.
You hit the ball python.
You kill the ball python!
You see here a ball python corpse.
HP restored.
You now have 105 gold pieces (gained 10).
Natasha and an adder come into view.
Natasha hisses angrily.
Natasha casts a spell at you.
You feel yourself slow down.
The adder hisses angrily.
Casting: Beastly Appendage (safe; 28% risk of failure)
Press: ? - help, Q - select action, (/) - cycle Dir - look around, f - activate You grow a pair of large bovine horns.
Your feet morph into talons.
The adder completely misses you.
A rat comes into view.
Natasha claws you!
Ouch! That really hurt!
You block the adder's attack.
You hit Natasha but do no damage. The adder closely misses you.
Natasha casts a spell.
The adder closely misses you. Natasha claws you!
Ouch! That really hurt!
You die...

######## #########
.......########........
#######...........######
.......@########..#
######hS# #..# #..# #..#
#r5# #... #... ###
#.#.### ....
.....#...### #.##
#.#####.... #.
...#....## #.#.##.#


You could see Natasha, an adder, a shadow imp (summoned) and a rat.

Vanquished Creatures
  A giant cockroach (D:1)
  A quokka (D:1)
  3 ball pythons
  A bat (D:1)
  2 frilled lizards
8 creatures vanquished.

Notes
Turn   | Place    | Note
-------+----------+-------------------------------------------
     0 | D:1      | IdlyInterested the Demonspawn Wanderer began the quest for
                  | the Orb.
     0 | D:1      | IdlyInterested set off with the following items: a +2
                  | spear, a +0 buckler, a potion of heal wounds, a +0 robe;
                  | and the following spell memorised: Beastly Appendage; and
                  | the following spells available to memorise: Ignite Poison.
     0 | D:1      | Reached XP level 1. HP: 13/13 MP: 2/2
   263 | D:1      | Found a faded altar of an unknown god.
  1248 | D:2      | Noticed Natasha
  1251 | D:2      | Slain by Natasha

Illustrated notes

Levels and vault maps discovered:
D:1:      amcnicky_arrival_abandoned_market, layout_basic,
          hellmonk_ecumenical_altar_heavens_door, serial_forest,
          infiniplex_forest_clump_curved, infiniplex_forest_straight_5,
          infiniplex_forest_end_double, infiniplex_forest_straight_4,
          infiniplex_forest_straight_2, infiniplex_forest_clump_tiny
D:2:      layout_loops_ring, uniq_terence, uniq_natasha, uniq_robin

Action                   || total
-------------------------++-------
Melee: Spear             ||    25
 Cast: Beastly Appendage ||     3
  Use: Scroll            ||     3
       Potion            ||     1
Armor: Leather armour    ||     1
Dodge: Dodged            ||    13
Block: Buckler           ||     9

Table legend: (Time is in decaauts)
 A = Elapsed time spent in this place.
 B = Non-inter-level travel time spent in this place.
 C = Inter-level travel time spent in this place.
 D = Time resting spent in this place.
 E = Time spent auto-exploring this place.
 F = Levels seen in this place.
 G = Mean time per level.
                   A        B        C        D        E       F      G
               +--------+--------+--------+--------+--------+-----+--------+
         Total |   1251 |   1060 |    191 |     18 |    875 |   2 |  625.5 |
       Dungeon |   1251 |   1060 |    191 |     18 |    875 |   2 |  625.5 |
               +--------+--------+--------+--------+--------+-----+--------+

Top non-repeatable levels by time:
     D:1: 1107 daAuts
     D:2: 143 daAuts
